 Dungeon Crawl Stone Soup version 0.29.1-12-g30fa7ad0bf (webtiles) character file.

Game seed: 18102435203403536958

73 FexLirch the Cudgeller (level 4, -1/35 HPs)
             Began as a Human Cinder Acolyte on Jan 13, 2023.
             Was a High Priest of Ignis.
             Killed by nerve-wracking pain
             ... invoked by Jessica
              (12 damage)
             ... on level 2 of the Dungeon.
             The game lasted 00:03:56 (1690 turns).

FexLirch the Cudgeller (Human Cinder Acolyte)       Turns: 1690, Time: 00:03:57

Health: -1/35      AC:  2    Str: 14    XL:     4   Next: 51%
Magic:  1/6        EV: 11    Int: 16    God:    Ignis [*****.]
Gold:   52         SH:  0    Dex:  9    Spells: 3/6 levels left

rFire   + . .      SeeInvis .   a - -1 mace (flame)
rCold   . . .      Faith    .   (no shield)
rNeg    . . .      Spirit   .   b - +0 robe
rPois   .          Reflect  .   (no helmet)
rElec   .          Harm     .   (no cloak)
rCorr   .          Rampage  .   (no gloves)
Will    .....                   (no boots)
Stlth   +.........              (no amulet)
HPRegen 0.11/turn               (no ring)
MPRegen 0.10/turn               (no ring)

@: no status effects
A: no striking features
a: Renounce Religion, Fiery Armour, Foxfire Swarm, Rising Flame


You were on level 2 of the Dungeon.
You worshipped Ignis.
Ignis was extremely pleased with you.
You visited 1 branch of the dungeon, and saw 2 of its levels.

You collected 52 gold pieces.

Inventory:

Hand Weapons
 a - a -1 mace of flaming (weapon)
Armour
 b - a +0 robe (worn)
Scrolls
 c - 2 scrolls of identify {unknown}
 g - a scroll of fog {unknown}
 h - a scroll of poison {unknown}
 i - a scroll of enchant armour {unknown}
 j - a scroll of vulnerability {unknown}
 k - a scroll of immolation {unknown}
Potions
 d - a potion of might {unknown}
 e - a potion of attraction {unknown}
 f - a potion of haste


   Skills:
 + Level 3.5 Fighting
 + Level 3.5 Maces & Flails
 + Level 1.9 Spellcasting
 + Level 3.5 Fire Magic


You had 3 spell levels left.
You knew the following spells:

 Your Spells              Type           Power      Damage    Failure   Level
a - Scorch                Fire           26%        2d6       8%          2
b - Foxfire               Conj/Fire      28%        2x1d5     10%         1

Your spell library contained the following spells:

 Spells                   Type           Power      Damage    Failure   Level
 Conjure Flame            Conj/Fire      7%         6-21      30%         3
 Inner Flame              Hex/Fire       7%         N/A       30%         3
 Sublimation of Blood     Necr           1%         N/A       32%         2
 Wereblood                Tmut           1%         N/A       32%         2
 Flame Wave               Conj/Fire      7%         2d5       69%         4
 Summon Hydra             Summ           0%         N/A       100%        7


Dungeon Overview and Level Annotations

Branches:
Dungeon (2/15)

Altars:

Annotations:
D:2 Jessica


Message History

Confirm with . or Enter, or press ? or * to list all spells.
You miscast Foxfire.
You are very lightly contaminated with residual magic.
Nothing appears to happen.
Jessica very coldly says, "I hate your company."
Casting: Foxfire (safe; 10% risk of failure)
Confirm with . or Enter, or press ? or * to list all spells.
You miscast Foxfire.
Nothing appears to happen.
Jessica drinks a potion.
Jessica seems to speed up.
Casting: Foxfire (safe; 10% risk of failure)
Confirm with . or Enter, or press ? or * to list all spells.
Flames lash Jessica but do no damage.
Unknown command.
Casting: Scorch (safe; 8% risk of failure)
Confirm with . or Enter, or press ? or * to list all spells.
Flames lash Jessica but do no damage.
Jessica shouts, "You're disturbing me!
I'll have to kill you!" Jessica hits you with a +0 club.
Casting: Scorch (safe; 8% risk of failure)
Confirm with . or Enter, or press ? or * to list all spells.
You don't have enough magic to cast this spell.
Unknown command.
Unknown command.
You hit Jessica but do no damage. Jessica barely misses you.
Jessica hits you with a +0 club.
You hit Jessica.
Jessica is lightly wounded.
Jessica gestures wildly while chanting.
Jessica blinks!
Jessica gestures at you while chanting.
You barely resist. Jessica casts a spell at you. Pain shoots through your body!
Jessica points at you and mumbles some strange words.
Pain shoots through your body!
Your magical contamination has completely faded away.
There is a stone staircase leading up, spattered with blood here.
Jessica points at you and mumbles some strange words.
Pain shoots through your body!
You die...

#.......############
#.#####............#
#.#.....##########.#######
#.#.....##########.##.....
##.#...................##..
#..#.....##...............#
#.##.....##.#######)####..#
#.####.####)#### #.# #...
#.# #.##)@....# #.# ##.#
##.####.##.#.##.# #.# #.#
#..........#@##.####.#####.#
#..###.#####.##.....#.......
#..# #.# #.#######.#####.#
#..# #.# #.# #.......#.#
#..# #.#####.# #........#
#... .#......####.[.....##
..## #.####............##


You could see Jessica (fast).

Vanquished Creatures
  5 gnolls
  3 ball pythons
  3 endoplasms
  A giant cockroach (D:1)
  4 goblins
  3 kobolds (D:1)
  2 quokkas
  2 bats (D:1)
23 creatures vanquished.

Vanquished Creatures (others)
  15 foxfires
  2 plants (D:2)
17 creatures vanquished.

Grand Total: 40 creatures vanquished

Notes
Turn   | Place    | Note
-------+----------+-------------------------------------------
     0 | D:1      | FexLirch the Human Cinder Acolyte began the quest for the
                  | Orb.
     0 | D:1      | Reached XP level 1. HP: 18/18 MP: 2/2
   143 | D:1      | Reached XP level 2. HP: 22/24 MP: 3/3
   182 | D:1      | Learned a level 2 spell: Scorch
   759 | D:1      | Found a faded altar of an unknown god.
   793 | D:1      | Reached XP level 3. HP: 14/29 MP: 1/5
  1173 | D:1      | Learned a level 1 spell: Foxfire
  1312 | D:2      | Reached XP level 4. HP: 33/35 MP: 0/6
  1671 | D:2      | Noticed Jessica
  1690 | D:2      | Killed from afar by Jessica

Illustrated notes

Levels and vault maps discovered:
D:1:      dpeg_arrival_simpleton_a, layout_loops_cross,
          hellmonk_ecumenical_altar_heavens_door
D:2:      layout_loops_ring, nicolae_grassy_gnolls, uniq_jessica

Action                   |  1- 3 |  4- 6 || total
-------------------------+-------+-------++-------
Melee: Mace              |    39 |    14 ||    53
       Punch             |     2 |       ||     2
 Cast: Scorch            |     5 |     3 ||     8
       Foxfire           |    11 |     1 ||    12
Armor: Robe              |     9 |       ||     9
Dodge: Dodged            |    31 |    11 ||    42
